Map: Templo óseo EE

Players

TATORREA

  • Race: Protoss Protoss
  • League: Silver
  • Spawn Location: 7:00

MrFercho

  • Race: Zerg Zerg
  • League: Silver
  • Spawn Location: 6:00

tigro

  • Race: Terran Terran
  • League: Bronze
  • Spawn Location: 7:00

Pubicprobe

  • Race: Protoss Protoss
  • Spawn Location: 12:00

Filoz

  • Race: Protoss Protoss
  • Spawn Location: 1:00

Jsmooooveee

  • Race: Protoss Protoss
  • Spawn Location: 3:00

VOD

Have the link to the VOD?

Description

Time

  • Played on: May 25, 2020, 9:37 p.m.
  • Length: 9:18
Show
View Real Time Build Order
Export as new Build Order

TATORREA Protoss 

Build Orders:  

Get SALT Encoding   

  12  0:07  Probe  
  13  0:25  Probe  
  14  0:38  Probe  
  15  0:43  Pylon  
  15  1:01  Probe  
  15  1:02  Pylon  
  16  1:13  Probe  
  17  1:22  Nexus  
  17  1:25  Probe  
  18  1:37  Probe  
  19  1:40  Gateway  
  19  1:49  Probe  
  19  1:51  Assimilator  
  20  2:10  Gateway, Probe  
  20  2:12  Gateway  
  21  2:18  Assimilator  
  21  2:20  Pylon  
  21  2:22  Probe  
  22  2:45  Cybernetics Core  
  22  2:56  Probe x2  
  24  3:08  Probe x2  
  24  3:11  Forge  
  26  3:14  Warp Gate  
  26  3:15  Pylon  
  26  3:18  Pylon  
  26  3:20  Probe x2  
  28  3:32  Probe x2  
  30  3:35  Stalker (Chrono Boost)  
  30  3:37  Stalker (Chrono Boost)  
  34  3:42  Stalker (Chrono Boost)  
  34  3:45  Probe  
  34  3:47  Probe  
  38  3:57  Protoss Ground Weapons Level 1 (Chrono Boost), Probe  
  38  3:59  Probe  
  40  4:11  Stalker x2  
  40  4:13  Stalker  
  46  4:17  Probe x2  
  48  4:27  Assimilator  
  48  4:29  Probe x2  
  50  4:32  Assimilator  
  50  4:41  Probe x2  
  47  5:00  Probe x2  
  48  5:12  Probe  
  49  5:42  Nexus  
  49  5:44  Stargate  
  49  5:46  Pylon, Stargate  
  49  5:48  Robotics Facility  
  49  5:49  Pylon  
  49  5:51  Twilight Council  
  49  5:54  Pylon  
  49  5:58  Pylon  
  49  5:59  Probe x2  
  51  6:11  Probe  
  51  6:12  Stalker x2, Pylon, Probe  
  51  6:13  Stalker  
  51  6:15  Pylon  
  59  6:23  Probe  
  59  6:24  Probe  
  61  6:32  Void Ray  
  61  6:33  Void Ray  
  61  6:35  Probe  
  61  6:36  Probe  
  61  6:39  Immortal  
  75  6:44  Protoss Ground Weapons Level 2  
  75  6:48  Probe x2  
  75  6:50  Stalker  
  79  6:54  Stalker  
  79  6:56  Stalker  
  71  7:19  Stalker  
  71  7:20  Stalker x2  
  77  7:29  Observer  
  78  7:31  Void Ray  
  76  7:50  Immortal  
  62  8:01  Stalker x3  
Show
View Real Time Build Order
Export as new Build Order

MrFercho Zerg 

Build Orders: Pool First 

Get SALT Encoding   

  12  0:01  Drone  
  13  0:14  Overlord  
  13  0:20  Extractor, Drone  
  13  0:24  Drone  
  14  0:32  Drone  
  15  0:38  Drone  
  16  0:48  Overlord  
  16  0:57  Drone  
  17  1:07  Spawning Pool  
  16  1:12  Drone  
  17  1:18  Extractor  
  17  1:19  Drone  
  17  1:27  Evolution Chamber  
  17  1:30  Drone  
  17  1:40  Drone  
  18  1:54  Overlord  
  18  2:02  Drone  
  18  2:07  Metabolic Boost  
  19  2:10  Hatchery  
  19  2:12  Drone  
  19  2:23  Queen  
  21  2:32  Drone  
  22  2:38  Drone  
  23  3:00  Zerg Ground Armor Level 1  
  23  3:11  Zergling x2  
  23  3:12  Zergling x4  
  26  3:22  Lair  
  26  3:38  Baneling Nest  
  26  3:40  Drone x2  
  26  3:41  Drone x2  
  29  3:43  Drone x3  
  29  3:44  Drone  
  29  3:46  Queen  
  35  4:13  Zergling x8  
  39  4:33  Baneling  
  39  4:34  Baneling x5  
  39  4:55  Baneling x6  
  36  5:19  Zergling x2  
  36  5:20  Zergling x10  
  38  5:44  Zergling x2  
  38  5:45  Zergling x6  
  42  5:51  Centrifical Hooks  
  42  6:09  Extractor  
  42  6:11  Extractor  
  40  6:17  Baneling x7  
  40  6:18  Baneling  
  31  7:20  Hydralisk Den  
  29  7:57  Hydralisk  
  29  7:58  Hydralisk x6  
  31  8:04  Overlord x4  
  31  8:05  Overlord  
  43  8:07  Overlord  
  43  8:08  Overlord  
  29  8:47  Hydralisk x5  
  29  8:48  Hydralisk x2  
Show
View Real Time Build Order
Export as new Build Order

tigro Terran 

Build Orders:  

Get SALT Encoding   

  12  0:02  SCV  
  13  0:14  SCV  
  14  0:21  Supply Depot  
  14  0:30  SCV  
  15  0:37  Refinery  
  15  0:43  SCV  
  16  0:56  Barracks, SCV  
  17  1:08  SCV  
  18  1:17  Supply Depot  
  18  1:20  SCV  
  19  1:26  Refinery  
  19  1:32  SCV  
  20  1:44  SCV  
  20  1:45  Marine  
  22  2:01  Barracks  
  22  2:03  Marine  
  22  2:07  SCV  
  24  2:18  Engineering Bay  
  24  2:19  SCV  
  24  2:21  Marine  
  26  2:31  SCV  
  27  2:39  Marine  
  28  2:46  Orbital Command  
  28  2:50  Barracks Tech Lab  
  28  2:56  Marine  
  29  3:06  Factory  
  29  3:21  Combat Shield  
  29  3:24  Barracks Tech Lab  
  29  3:25  Marine  
  30  3:33  Terran Infantry Weapons Level 1  
  30  3:43  Marine  
  31  3:52  Stimpack  
  31  3:55  Command Center  
  31  3:56  Marine  
  31  4:01  Marine  
  33  4:04  Factory Tech Lab  
  33  4:14  Marine  
  34  4:19  Marine  
  35  4:27  Siege Tank  
  38  4:32  Marine  
  39  4:39  Marine  
  39  4:40  Concussive Shells  
  40  4:49  Marine  
  41  4:56  Marine  
  42  5:07  Marine  
  43  5:14  Marine  
  44  5:25  Marine  
  45  5:32  Marine  
  35  5:51  Starport  
  35  6:00  Marine  
  35  6:04  Marine  
  37  6:08  Armory  
  37  6:14  Siege Tank  
  37  6:18  Marine  
  41  6:21  Marine  
  42  6:36  Marine  
  42  6:39  Marine  
  36  6:46  Siege Tank  
  38  6:51  Medivac  
  38  6:53  Marine  
  41  6:57  Marine  
  41  6:58  Starport  
  42  7:11  Marine  
  42  7:15  Marine  
  44  7:18  Siege Tank  
  43  7:29  Marine  
  42  7:33  Marine  
  43  7:47  Marine  
  43  7:50  Marine  
  39  8:05  Marine  
  32  8:08  Marine  
  33  8:16  Planetary Fortress  
  32  8:22  Marine  
  32  8:26  Marine  
  32  8:28  Starport Tech Lab  
  29  8:39  Siege Tank  
  29  8:40  Marine  
  33  8:44  Marine  
  30  8:58  Marine  
Show
View Real Time Build Order
Export as new Build Order

Pubicprobe Protoss 

Build Orders:  

Get SALT Encoding   

  12  0:17  Pylon  
  12  0:26  Pylon  
  12  0:42  Forge  
  12  0:51  Gateway  
  12  1:04  Gateway  
  12  1:17  Gateway  
  12  1:30  Pylon  
  12  1:35  Probe (Chrono Boost)  
  13  1:43  Assimilator  
  13  1:45  Probe (Chrono Boost)  
  14  1:58  Photon Cannon  
  14  2:08  Pylon  
  14  2:11  Probe (Chrono Boost)  
  15  2:22  Probe (Chrono Boost)  
  16  2:29  Probe (Chrono Boost)  
  17  2:32  Photon Cannon  
  17  2:42  Probe  
  18  2:54  Probe  
  18  2:55  Cybernetics Core  
  19  3:06  Pylon, Probe  
  20  3:15  Photon Cannon  
  20  3:18  Probe  
  21  3:28  Photon Cannon  
  21  3:33  Assimilator  
  21  3:45  Photon Cannon  
  21  3:57  Photon Cannon  
  21  4:06  Photon Cannon  
  21  4:16  Stargate  
  21  4:20  Probe (Chrono Boost)  
  22  4:31  Shield Battery, Probe (Chrono Boost)  
  23  4:38  Shield Battery  
  23  4:42  Shield Battery  
  23  4:52  Photon Cannon  
  23  4:59  Shield Battery  
  23  5:05  Shield Battery  
  23  5:20  Void Ray (Chrono Boost)  
  27  5:56  Nexus  
  27  6:08  Stargate  
  27  6:16  Void Ray  
  31  6:44  Photon Cannon x2  
  31  6:50  Shield Battery  
  30  7:06  Void Ray  
  34  7:20  Void Ray  
  38  7:26  Probe (Chrono Boost)  
  39  7:36  Probe (Chrono Boost)  
  40  7:55  Fleet Beacon  
  40  8:00  Pylon  
  40  8:04  Probe  
  41  8:18  Probe (Chrono Boost)  
  43  8:21  Probe (Chrono Boost)  
  44  8:28  Probe (Chrono Boost)  
  44  8:31  Probe (Chrono Boost)  
  44  8:33  Probe (Chrono Boost)  
  44  8:34  Void Ray  
Show
View Real Time Build Order
Export as new Build Order

Filoz Protoss 

Build Orders:  

Get SALT Encoding   

  12  0:02  Probe  
  13  0:19  Pylon  
  13  0:20  Probe  
  14  0:32  Probe  
  15  0:41  Gateway  
  15  0:44  Probe (Chrono Boost)  
  16  0:55  Assimilator  
  16  0:56  Probe (Chrono Boost)  
  17  1:03  Probe (Chrono Boost)  
  18  1:10  Probe  
  19  1:22  Probe  
  20  1:26  Forge  
  20  1:30  Cybernetics Core  
  20  1:39  Pylon  
  20  1:57  Nexus  
  20  2:01  Probe  
  21  2:13  Photon Cannon  
  21  2:17  Probe  
  21  2:19  Warp Gate  
  22  2:29  Probe  
  23  2:33  Protoss Ground Weapons Level 1 (Chrono Boost)  
  23  2:34  Stalker, Assimilator  
  25  2:43  Probe  
  26  2:55  Gateway  
  26  2:58  Probe  
  27  3:10  Stalker  
  30  3:14  Probe x2 (Chrono Boost)  
  31  3:23  Probe (Chrono Boost)  
  32  3:27  Gateway  
  32  3:28  Probe (Chrono Boost)  
  33  3:42  Pylon, Probe  
  33  3:45  Stalker  
  33  3:46  Stalker  
  38  3:50  Probe  
  39  4:03  Probe  
  39  4:06  Twilight Council  
  40  4:17  Pylon  
  40  4:18  Assimilator, Probe x2  
  40  4:21  Protoss Ground Armor Level 1 (Chrono Boost)  
  42  4:27  Gateway  
  42  4:29  Stalker  
  44  4:32  Stalker  
  44  4:34  Probe  
  44  4:36  Probe  
  48  4:41  Assimilator  
  48  4:47  Stalker  
  50  5:04  Stalker x2  
  50  5:06  Blink (Chrono Boost)  
  54  5:22  Forge  
  54  5:27  Gateway  
  54  5:30  Gateway  
  54  5:32  Stalker  
  54  5:33  Stalker  
  54  5:34  Probe  
  54  5:35  Probe  
  60  5:47  Probe  
  61  5:50  Probe  
  62  6:02  Pylon  
  62  6:04  Pylon  
  62  6:12  Protoss Ground Weapons Level 2 (Chrono Boost)  
  62  6:26  Protoss Ground Armor Level 2 (Chrono Boost)  
  60  6:46  Probe x2  
  62  6:57  Stalker  
  62  6:58  Stalker x5  
  62  7:00  Charge  
  74  7:25  Photon Cannon  
  74  7:26  Photon Cannon, Nexus  
  74  7:31  Probe x2  
  74  7:32  Pylon  
  74  7:35  Assimilator  
  76  7:38  Gateway  
  76  7:40  Assimilator  
  76  7:41  Gateway  
  76  7:42  Gateway  
  76  7:43  Probe x2  
  78  7:57  Pylon  
  78  7:59  Pylon  
  72  8:57  Pylon  
  72  9:03  Pylon  
  72  9:05  Pylon  
  72  9:16  Stalker  
  72  9:17  Stalker x2  
Show
View Real Time Build Order
Export as new Build Order

Jsmooooveee Protoss 

Build Orders:  

Get SALT Encoding   

  12  0:11  Pylon  
  12  0:14  Probe (Chrono Boost)  
  13  0:23  Probe (Chrono Boost)  
  14  0:28  Probe (Chrono Boost)  
  15  0:38  Gateway  
  15  0:45  Assimilator  
  15  0:49  Assimilator  
  15  0:52  Probe  
  16  1:04  Probe (Chrono Boost)  
  17  1:16  Probe (Chrono Boost)  
  18  1:27  Gateway  
  18  1:30  Cybernetics Core  
  18  1:32  Pylon  
  18  1:35  Probe  
  19  1:47  Probe  
  20  1:58  Gateway  
  20  2:02  Probe  
  20  2:06  Warp Gate (Chrono Boost)  
  21  2:14  Probe  
  22  2:27  Stalker  
  22  2:28  Stalker  
  26  2:32  Probe  
  27  2:49  Stalker  
  29  3:06  Nexus  
  29  3:14  Pylon  
  29  3:29  Pylon  
  29  3:31  Pylon  
  29  3:43  Stalker  
  29  3:44  Stalker  
  33  3:55  Twilight Council  
  33  4:02  Assimilator  
  33  4:06  Assimilator  
  33  4:19  Probe (Chrono Boost)  
  34  4:29  Blink (Chrono Boost)  
  34  4:30  Probe (Chrono Boost)  
  36  4:31  Probe (Chrono Boost)  
  36  4:32  Stalker  
  38  4:57  Stalker x3  
  44  5:12  Pylon  
  44  5:13  Pylon  
  44  5:17  Probe  
  45  5:29  Probe  
  46  5:44  Dark Shrine  
  46  5:47  Robotics Facility  
  46  5:50  Robotics Facility  
  46  5:54  Probe (Chrono Boost)  
  47  6:03  Probe (Chrono Boost)  
  48  6:08  Probe (Chrono Boost)  
  48  6:09  Stalker  
  48  6:10  Stalker x2  
  55  6:49  Stalker  
  55  6:50  Stalker x2  
  61  7:24  Stalker  
  61  7:25  Stalker x2  
  43  8:20  Dark Templar x2  
  43  8:21  Dark Templar  
  43  9:01  Robotics Bay  
  43  9:04  Forge  
  43  9:07  Forge  
  43  9:11  Pylon  
  43  9:13  Gateway  
Tags
 
Add a new tag
Caveats
  • Supply blocks, unpowered buildings, or Contaminate may cause inaccurate times.
  • Supply counts are checked every 10 seconds.